 Dungeon Crawl Stone Soup version 0.28.0-53-g5a82cb258f (webtiles) character file.

Game seed: 13692770967854920414

28 MisterFreud the Covert (level 3, -1/35 HPs)
             Began as a Gnoll Delver on June 27, 2022.
             Slain by a gnoll
             ... wielding a +0 halberd
              (8 damage)
             ... on level 4 of the Dungeon.
             The game lasted 00:02:46 (1002 turns).

MisterFreud the Covert (Gnoll Delver)               Turns: 1002, Time: 00:02:46

Health: -1/35      AC: 10    Str: 11    XL:     3   Next: 12%
Magic:  3/3        EV: 13    Int: 11    God:
Gold:   0          SH:  0    Dex: 13    Spells: 3/3 levels left

rFire   . . .      SeeInvis .   h - +2 dagger (protect)
rCold   . . .      Faith    .   (no shield)
rNeg    . . .      Spirit   .   b - +0 leather armour
rPois   .          Reflect  .   (no helmet)
rElec   .          Harm     .   (no cloak)
rCorr   .          Rampage  .   (no gloves)
Will    .....                   (no boots)
Stlth   ++++......              (no amulet)
HPRegen 0.11/turn               (no ring)
MPRegen 0.08/turn               (no ring)

@: under a protective aura, hasted, very quick
A: fangs 1, strong nose, distributed training
a: no special abilities


You were on level 4 of the Dungeon.
You visited 1 branch of the dungeon, and saw 3 of its levels.

Inventory:

Hand Weapons
 a - a +0 short sword
 h - a +2 dagger of protection (weapon)
Armour
 b - a +0 leather armour (worn)
Wands
 g - a wand of digging (3)
Scrolls
 c - a scroll of fog
 d - a scroll of magic mapping


   Skills:
 + Level 6.5 Fighting
 + Level 4.5 Short Blades
 + Level 0.6 Long Blades
 + Level 0.6 Axes
 + Level 0.6 Maces & Flails
 + Level 0.6 Polearms
 + Level 0.6 Staves
 + Level 0.6 Slings
 + Level 0.6 Bows
 + Level 0.6 Crossbows
 + Level 0.6 Throwing
 + Level 0.6 Armour
 + Level 4.5 Dodging
 + Level 9.5 Stealth
 + Level 0.6 Shields
 + Level 0.6 Unarmed Combat
 + Level 0.6 Spellcasting
 + Level 0.4 Conjurations
 + Level 0.4 Hexes
 + Level 0.4 Summonings
 + Level 0.4 Necromancy
 + Level 0.4 Translocations
 + Level 0.4 Transmutations
 + Level 0.4 Fire Magic
 + Level 0.4 Ice Magic
 + Level 0.4 Air Magic
 + Level 0.4 Earth Magic
 + Level 0.4 Poison Magic
 + Level 0.8 Invocations
 + Level 0.6 Evocations


You had 3 spell levels left.
You didn't know any spells.
Your spell library was empty.

Dungeon Overview and Level Annotations

Branches:
Dungeon (6/15)
 Temple: D:4-7

Altars:
Cheibriados
Dithmenos
Okawaru
Zin
The Shining One

Annotations:
D:4 Robin


Innate Abilities, Weirdness & Mutations

You have very sharp teeth.
Your uncanny sense of smell can sniff out nearby items.
Your experience applies equally to all skills.


Message History

A gnoll is nearby!
The gnoll shouts!
You hear a shout! x3
You hit the gnoll.
Your weapon exudes an aura of protection.
Your bite misses the gnoll.
The gnoll is lightly wounded.
The gnoll misses you.
You barely miss the gnoll.
The gnoll is lightly wounded.
The gnoll hits you but does no damage.
You hit the gnoll.
The gnoll is moderately wounded.
The gnoll barely misses you. The gnoll hits you with a +0 club.
You barely miss the gnoll.
The gnoll is moderately wounded.
The gnoll hits you from afar with a +0 halberd.
You barely miss the gnoll.
The gnoll is moderately wounded.
The gnoll hits you but does no damage.
The gnoll hits you from afar with a +0 halberd!
* * * LOW HITPOINT WARNING * * *
You closely miss the gnoll.
The gnoll is moderately wounded.
The gnoll closely misses you.
You hit the gnoll.
The gnoll is heavily wounded.
The gnoll closely misses you. The gnoll hits you with a +0 club.
* * * LOW HITPOINT WARNING * * *
Okay, then.
Unknown command.
Okay, then.
Unknown command.
Okay, then.
You feel yourself speed up. The gnoll misses you.
The gnoll hits you but does no damage.
Unknown command.
You closely miss the gnoll.
The gnoll is heavily wounded.
The gnoll hits you from afar with a +0 halberd!
You die...

...#######.######.#
##......>......##.##
#>........####.#.##
##....(..)....#..##
#............##.##
#.......##.#.#..#
#.......##g#..#.#
........##g#g##.#
g####.##@#g##.#
#gg####.##.# #g##
#g##.# #g# #.##g#
#.# #.##g# #.#
#g##.#
#.####.#####.##g#
#......g)g...##.#
#.#############.#


You could see 2 gnolls.

Vanquished Creatures
  A gnoll (D:5)
  An orc (D:4)
  8 goblins
  2 hobgoblins
  A quokka (D:4)
13 creatures vanquished.

Notes
Turn   | Place    | Note
-------+----------+-------------------------------------------
     0 | D:5      | Reached skill level 9 in Stealth
     0 | D:5      | MisterFreud the Gnoll Delver began the quest for the Orb.
     0 | D:5      | Reached XP level 1. HP: 23/23 MP: 1/1
     1 | D:6      | Noticed an iguana
    45 | D:5      | Found a snail-covered altar of Cheibriados.
    45 | D:5      | Found a shadowy altar of Dithmenos.
    45 | D:5      | Found a glowing silver altar of Zin.
   130 | D:4      | Noticed a water moccasin
   144 | D:5      | Found an iron altar of Okawaru.
   152 | D:4      | Noticed Robin
   185 | D:5      | Found a glowing golden altar of the Shining One.
   438 | D:4      | Reached XP level 2. HP: 22/29 MP: 2/2
   772 | D:5      | Reached XP level 3. HP: 28/35 MP: 3/3
  1002 | D:4      | Slain by a gnoll

Illustrated notes

Levels and vault maps discovered:
D:4:      layout_loops_ring, uniq_robin
D:5:      layout_gridville, mainiacjoe_overflow_boulevard,
          mainiacjoe_overflow_concentric_impassable,
          gammafunk_temple_overflow_forgotten, kennysheep_small_circle,
          uniq_edmund
D:6:      layout_cave_pods, old_standard_altar, minmay_holes

Skill      XL: | |
---------------+-+-----
Stealth        | |  9.5
Fighting       | |  6.5
Short Blades   | |  4.5
Long Blades    | |  0.6
Axes           | |  0.6
Maces & Flails | |  0.6
Polearms       | |  0.6
Staves         | |  0.6
Slings         | |  0.6
Bows           | |  0.6
Crossbows      | |  0.6
Throwing       | |  0.6
Armour         | |  0.6
Dodging        | |  4.5
Shields        | |  0.6
Unarmed Combat | |  0.6
Spellcasting   | |  0.6
Conjurations   | |  0.4
Hexes          | |  0.4
Summonings     | |  0.4
Necromancy     | |  0.4
Translocations | |  0.4
Transmutations | |  0.4
Fire Magic     | |  0.4
Ice Magic      | |  0.4
Air Magic      | |  0.4
Earth Magic    | |  0.4
Poison Magic   | |  0.4
Invocations    | |  0.8
Evocations     | |  0.6

Action                   || total
-------------------------++-------
Melee: Short sword       ||    35
       Bite              ||     6
       Punch             ||     2
       Dagger            ||    27
  Use: Scroll            ||     1
       Potion            ||     1
Armor: Leather armour    ||    18
Dodge: Dodged            ||    54
